[Event "ICC tourney 2290 (45 10)"]
[Site "Internet Chess Club"]
[Date "2021.01.09"]
[Round "1"]
[White "Chessking2008"]
[Black "greatchess"]
[Result "1-0"]
[ICCResult "Black resigns"]
[WhiteElo "2200"]
[BlackElo "2010"]
[Opening "Nimzo-Indian: classical, Noa variation, 5.cd ed"]
[ECO "E35"]
[NIC "NI.23"]
[Time "12:04:16"]
[PlyCount "127"]
[TimeControl "2700+10"]

1. d4 Nf6 2. c4 e6 3. Nc3 Bb4 4. Qc2 d5 5. cxd5 exd5 6. Nf3 O-O 7. Bg5 h6
8. Bxf6 Qxf6 9. e3 Bf5 10. Bd3 Bxd3 11. Qxd3 Nd7 12. O-O c6 13. a3 Bd6 14.
Rfc1 Rfe8 15. Ne2 Re6 16. b4 a6 17. Ng3 Rae8 18. Rab1 Nb6 19. Nd2 Qg5 20.
Rb3 h5 21. Nf3 Qg6 22. Qxg6 fxg6 23. Nf1 Nc4 24. N1d2 b5 25. Rbc3 Ra8 26.
Nb3 Kf8 27. Na5 Bc7 28. Ng5 Rd6 29. Nb7 Rd7 30. Ne6+ Kf7 31. Nbc5 Re7 32.
Nxc7 Rxc7 33. a4 a5 34. axb5 cxb5 35. bxa5 Rxa5 36. Rb3 Rca7 37. g3 Ke7 38.
Kg2 Kd6 39. h4 Kc6 40. Rb4 Ra2 41. Nd3 Kb6 42. Rcb1 R7a5 43. Kg1 Nd2 44.
R1b2 Rxb2 45. Rxb2 Ra1+ 46. Kg2 Nc4 47. Rc2 Ka5 48. Nf4 Nb6 49. Rc7 Kb4 50.
Rxg7 Kc4 51. Rxg6 Na4 52. Rc6+ Kb3 53. Nxd5 b4 54. Rh6 Nc3 55. Nxb4 Kxb4
56. Rxh5 Ne4 57. Rf5 Ra6 58. g4 Nd6 59. Rf6 Kc4 60. g5 Kd5 61. g6 Ra7 62.
h5 Ne8 63. Rf8 Ng7 64. h6 { Black resigns } 1-0

[Event "ICC tourney 2290 (45 10)"]
[Site "Internet Chess Club"]
[Date "2021.01.09"]
[Round "1"]
[White "Aryangambit"]
[Black "rayxu"]
[Result "1-0"]
[ICCResult "Black resigns"]
[WhiteElo "2093"]
[BlackElo "1915"]
[Opening "Sicilian: dragon, Yugoslav attack, 9...Bd7"]
[ECO "B77"]
[NIC "SI.18"]
[Time "12:04:08"]
[PlyCount "101"]
[TimeControl "2700+10"]

1. e4 c5 2. Nf3 d6 3. d4 cxd4 4. Nxd4 Nf6 5. Nc3 g6 6. Be3 Bg7 7. f3 O-O 8.
Qd2 Nc6 9. Bc4 Bd7 10. h4 h5 11. O-O-O Rb8 12. Bh6 Nxd4 13. Bxg7 Kxg7 14.
Qxd4 Kh7 15. e5 dxe5 16. Qxe5 Qc8 17. Bb3 Be6 18. Bxe6 Qxe6 19. Qxe6 fxe6
20. Rhe1 Kg7 21. Rxe6 Kf7 22. Ree1 Rbc8 23. Nb5 Rc5 24. Nd4 Rfc8 25. c3 b5
26. Kb1 Rd5 27. Nc2 Rdc5 28. Nb4 R5c7 29. Nd3 Nd7 30. Nf4 Nf6 31. Ne6 Rd7
32. Ng5+ Kf8 33. Rxd7 Nxd7 34. Re6 Nf6 35. Ra6 b4 36. cxb4 Nd5 37. a3 Nf4
38. Ne6+ Nxe6 39. Rxe6 Kf7 40. Ra6 Rc7 41. b5 Rb7 42. a4 e6 43. Kc2 Kf6 44.
Rc6 Kf5 45. Rc4 e5 46. Kc3 g5 47. hxg5 Kxg5 48. Kb4 h4 49. a5 Rd7 50. b6
axb6 51. axb6 { Black resigns } 1-0

[Event "ICC tourney 2290 (45 10)"]
[Site "Internet Chess Club"]
[Date "2021.01.09"]
[Round "1"]
[White "KnightHopper"]
[Black "trandaferrari"]
[Result "1-0"]
[ICCResult "Black forfeits on time"]
[WhiteElo "1999"]
[BlackElo "2100"]
[Opening "Sicilian: Sveshnikov variation"]
[ECO "B33"]
[NIC "SI.38"]
[Time "12:04:16"]
[PlyCount "73"]
[TimeControl "2700+10"]

1. e4 c5 2. Nf3 Nc6 3. d4 cxd4 4. Nxd4 Nf6 5. Nc3 e5 6. Ndb5 d6 7. Bg5 a6
8. Bxf6 gxf6 9. Na3 b5 10. Nd5 f5 11. c3 Bg7 12. Bd3 Be6 13. Qf3 Bxd5 14.
exd5 e4 15. Qxf5 exd3 16. Qg4 Qe7+ 17. Kd2 Bh6+ 18. f4 Ne5 19. Qg3 Nc4+ 20.
Kxd3 Nxb2+ 21. Kd2 Qf6 22. Rhe1+ Kd7 23. Qg4+ Kc7 24. Re4 Na4 25. Qf3 Nc5
26. Rb4 Rhe8 27. g4 Bg7 28. Nc2 Re7 29. Nd4 Rae8 30. Rd1 Re4 31. g5 Qe7 32.
Nf5 Re2+ 33. Kc1 Qf8 34. Rb2 Rxb2 35. Kxb2 f6 36. Qh5 Kb6 37. Nxg7 { Black
forfeits on time } 1-0

[Event "ICC tourney 2290 (45 10)"]
[Site "Internet Chess Club"]
[Date "2021.01.09"]
[Round "1"]
[White "investigator"]
[Black "Volkov"]
[Result "0-1"]
[ICCResult "White resigns"]
[WhiteElo "2090"]
[BlackElo "2607"]
[Opening "English opening"]
[ECO "A20"]
[NIC "EO.24"]
[Time "12:04:09"]
[PlyCount "72"]
[TimeControl "2700+10"]

1. c4 e5 2. g3 Nf6 3. Bg2 c6 4. d4 Bb4+ 5. Bd2 Bxd2+ 6. Qxd2 d6 7. Nc3 Qe7
8. e3 O-O 9. Nge2 Be6 10. d5 cxd5 11. Nxd5 Nxd5 12. Bxd5 Bxd5 13. Qxd5 Nd7
14. b3 Nf6 15. Qd3 d5 16. cxd5 Qb4+ 17. Qc3 Qe4 18. O-O Qxd5 19. Rfd1 Qf3
20. Qd2 Ne4 21. Qe1 Rac8 22. Rac1 g5 23. h3 g4 24. h4 b5 25. Rxc8 Rxc8 26.
Rc1 Rd8 27. Nc3 b4 28. Nxe4 Qxe4 29. Qe2 Qf3 30. Qc4 Rd2 31. Rf1 a5 32. Qc7
Rd5 33. Qe7 h6 34. Qc7 Kg7 35. Rc1 Qf5 36. Qc8 Rd1+ { White resigns } 0-1

[Event "ICC tourney 2290 (45 10)"]
[Site "Internet Chess Club"]
[Date "2021.01.09"]
[Round "1"]
[White "espark"]
[Black "DonaldJ"]
[Result "1/2-1/2"]
[ICCResult "Game drawn because neither player has mating material"]
[WhiteElo "2322"]
[BlackElo "2076"]
[Opening "Sicilian: Najdorf"]
[ECO "B90"]
[NIC "SI.14"]
[Time "12:05:05"]
[PlyCount "169"]
[TimeControl "2700+10"]

1. e4 c5 2. Nf3 d6 3. d4 cxd4 4. Nxd4 Nf6 5. Nc3 a6 6. Nb3 e6 7. g4 b5 8.
g5 Nfd7 9. Bg2 Bb7 10. O-O Nc6 11. f4 Be7 12. Qh5 O-O 13. Rf3 Re8 14. Rh3
Nf8 15. Be3 Na5 16. Nxa5 Qxa5 17. f5 exf5 18. exf5 Bxg2 19. Kxg2 b4 20. f6
Bxf6 21. gxf6 Qxh5 22. Rxh5 bxc3 23. fxg7 Rxe3 24. gxf8=R+ Rxf8 25. Rg5+
Kh8 26. bxc3 Rxc3 27. Rd1 Rxc2+ 28. Kh3 Rxa2 29. Rxd6 Rg8 30. Rf5 Rg6 31.
Rd8+ Kg7 32. Rd7 Rh6+ 33. Kg3 Rf6 34. Re5 Rg6+ 35. Kf3 Rxh2 36. Rf5 Rf6 37.
Rxf6 Kxf6 38. Rd6+ Kg7 39. Rxa6 Rh6 40. Ra8 Rg6 41. Rb8 h5 42. Rb4 Rg4 43.
Rb5 Kg6 44. Rb6+ f6 45. Rb8 f5 46. Ra8 Rb4 47. Rc8 h4 48. Rg8+ Kf7 49. Rh8
Kg7 50. Ra8 Rc4 51. Rb8 Ra4 52. Rb6 Rg4 53. Rb7+ Kf6 54. Rb6+ Kg5 55. Rb8
Rg3+ 56. Kf2 Kg4 57. Rg8+ Kf4 58. Rh8 Rf3+ 59. Kg2 h3+ 60. Kh2 Ke3 61. Ra8
f4 62. Ra4 Rg3 63. Ra3+ Kf2 64. Ra4 Kf3 65. Ra8 Rg5 66. Ra3+ Kg4 67. Rxh3
Ra5 68. Rb3 Ra4 69. Kg2 Re4 70. Ra3 Re3 71. Ra2 Rg3+ 72. Kf2 Rh3 73. Ra8
Rh2+ 74. Kg1 Re2 75. Ra3 Re3 76. Ra8 Kf3 77. Rf8 Re1+ 78. Kh2 Ke3 79. Re8+
Kf2 80. Ra8 f3 81. Ra2+ Kf1 82. Kg3 Re2 83. Ra1+ Re1 84. Rxe1+ Kxe1 85.
Kxf3 { Game drawn because neither player has mating material } 1/2-1/2

[Event "ICC tourney 2290 (45 10)"]
[Site "Internet Chess Club"]
[Date "2021.01.09"]
[Round "1"]
[White "BranKing"]
[Black "marble"]
[Result "0-1"]
[ICCResult "White resigns"]
[WhiteElo "2079"]
[BlackElo "2508"]
[Opening "Robatsch defense"]
[ECO "B06"]
[NIC "KF.05"]
[Time "12:04:09"]
[PlyCount "92"]
[TimeControl "2700+10"]

1. e4 g6 2. d4 Bg7 3. Nc3 c6 4. f4 d5 5. Nf3 dxe4 6. Nxe4 Bf5 7. Ng3 Bg4 8.
c3 c5 9. dxc5 Qxd1+ 10. Kxd1 Nd7 11. Be3 Ngf6 12. Bc4 Rc8 13. Kc2 O-O 14.
Ng5 Nxc5 15. h3 Bd7 16. Bxc5 Rxc5 17. Bd3 Nd5 18. N5e4 Nb4+ 19. Kd2 Nxd3
20. Kxd3 Rd5+ 21. Kc2 Ba4+ 22. b3 Bc6 23. Rae1 Rc8 24. Re3 f5 25. Ng5 e5
26. Ne2 b5 27. Ne6 Bf6 28. fxe5 Rxe5 29. Rxe5 Bxe5 30. Rg1 Be4+ 31. Kd2 b4
32. c4 Rc6 33. N6d4 Ra6 34. Ke3 Rxa2 35. c5 Ra5 36. Rc1 Bxg2 37. c6 Bc7 38.
Nf4 Re5+ 39. Kf2 Bd5 40. Nb5 Bb6+ 41. Kg3 Bxc6 42. Rxc6 Rxb5 43. Ne6 Re5
44. Kf4 Re4+ 45. Kg5 Kf7 46. Nf4 Bd8+ { White resigns } 0-1

[Event "ICC tourney 2290 (45 10)"]
[Site "Internet Chess Club"]
[Date "2021.01.09"]
[Round "1"]
[White "TjkTiger"]
[Black "GeorgeDai"]
[Result "0-1"]
[ICCResult "White resigns"]
[WhiteElo "2597"]
[BlackElo "2086"]
[Opening "English: Mikenas-Carls variation"]
[ECO "A18"]
[NIC "EO.57"]
[Time "12:05:25"]
[PlyCount "124"]
[TimeControl "2700+10"]

1. c4 Nf6 2. Nc3 e6 3. e4 d5 4. cxd5 exd5 5. e5 Ne4 6. Nf3 Nc6 7. Bb5 Bc5
8. d4 Bb4 9. Qc2 O-O 10. O-O Bg4 11. Bxc6 Bxc3 12. Bxb7 Rb8 13. Ba6 Ba5 14.
Ne1 Qh4 15. Be3 Rb6 16. Bd3 Bxe1 17. Raxe1 Bf3 18. Be2 Bxg2 19. Kxg2 Rg6+
20. Kh1 Qh3 21. Rg1 Qxe3 22. Rxg6 Nxf2+ 23. Kg2 fxg6 24. Qc3 Nd3 25. Qxd3
Qf2+ 26. Kh3 Qxe1 27. Bf3 c6 28. Kg2 g5 29. h3 h5 30. Qc2 h4 31. Qf2 Qxf2+
32. Kxf2 g4 33. hxg4 g5 34. b4 a6 35. Kg2 Rf4 36. Be2 Rxd4 37. Bxa6 Rxg4+
38. Kh3 Rxb4 39. Bc8 Ra4 40. Bd7 Rxa2 41. Bxc6 Rd2 42. Kg4 Rd4+ 43. Kxg5 h3
44. e6 Kf8 45. Kf6 Rf4+ 46. Ke5 Re4+ 47. Kxd5 h2 48. Kd6 h1=Q 49. e7+ Kg7
50. e8=N+ Kf7 51. Bxe4 Qxe4 52. Nc7 Qb4+ 53. Kc6 Qd4 54. Na6 Ke7 55. Nc5
Qc4 56. Kb6 Kd6 57. Nb7+ Kd5 58. Ka7 Qb5 59. Ka8 Kc6 60. Nd8+ Kd7 61. Nb7
Kc7 62. Nc5 Qa5+ { White resigns } 0-1

[Event "ICC tourney 2290 (45 10)"]
[Site "Internet Chess Club"]
[Date "2021.01.09"]
[Round "1"]
[White "AJM04"]
[Black "erickzhao"]
[Result "1/2-1/2"]
[ICCResult "Game drawn by repetition"]
[WhiteElo "2050"]
[BlackElo "2304"]
[Opening "Sicilian: closed"]
[ECO "B24"]
[NIC "SI.44"]
[Time "12:04:17"]
[PlyCount "92"]
[TimeControl "2700+10"]

1. e4 c5 2. Nc3 Nc6 3. g3 g6 4. Bg2 Bg7 5. d3 e6 6. Be3 d6 7. Nge2 Nd4 8.
O-O Ne7 9. b4 Nxe2+ 10. Nxe2 cxb4 11. Rb1 a5 12. Qd2 O-O 13. Bh6 d5 14.
Bxg7 Kxg7 15. c3 Nc6 16. exd5 exd5 17. Qb2 bxc3 18. Nxc3 d4 19. Ne2 Bg4 20.
Rfe1 Bxe2 21. Rxe2 Qf6 22. Rbe1 Nb4 23. Qb3 Rac8 24. Be4 b5 25. Qb2 Rc3 26.
Rd1 Rfc8 27. Rdd2 Qg5 28. a3 Na6 29. Bb7 Nc5 30. h4 Qh5 31. Bxc8 Na4 32.
Bg4 Qc5 33. Qa2 Rc1+ 34. Kg2 Nc3 35. Qb2 Rb1 36. Qc2 Qxa3 37. Re8 b4 38.
Rde2 b3 39. Qd2 Nxe2 40. Qxe2 Qc1 41. Qe5+ Kh6 42. Bd1 Qxd1 43. Qg5+ Kg7
44. Qe5+ Kh6 45. Qg5+ Kg7 46. Qe5+ Kh6 { Game drawn by repetition } 1/2-1/2

[Event "ICC tourney 2290 (45 10)"]
[Site "Internet Chess Club"]
[Date "2021.01.09"]
[Round "2"]
[White "Openyagami"]
[Black "breaker90"]
[Result "1-0"]
[ICCResult "Black resigns"]
[WhiteElo "2606"]
[BlackElo "2127"]
[Opening "King's Indian: Makagonov system (5.h3)"]
[ECO "E71"]
[NIC "KI.30"]
[Time "14:32:09"]
[PlyCount "69"]
[TimeControl "2700+10"]

1. c4 Nf6 2. Nc3 g6 3. e4 d6 4. d4 Bg7 5. h3 O-O 6. Bg5 c5 7. d5 e6 8. Bd3
exd5 9. exd5 a6 10. a4 Nbd7 11. Nf3 Re8+ 12. Be3 Ne5 13. Nxe5 Rxe5 14. O-O
Bd7 15. Bf4 Re8 16. Qd2 Qc7 17. Bg5 b5 18. cxb5 c4 19. Bc2 axb5 20. axb5
Qc5 21. Be3 Qb4 22. b6 Ra5 23. Rxa5 Qxa5 24. Bd4 Bc8 25. Re1 Kf8 26. Ba4
Rxe1+ 27. Qxe1 Bb7 28. Bc6 Qa8 29. Bxb7 Qxb7 30. Qa1 Nxd5 31. Qa7 Qxa7 32.
bxa7 Nc7 33. Bxg7+ Kxg7 34. Nb5 Na8 35. Nxd6 { Black resigns } 1-0

[Event "ICC tourney 2290 (45 10)"]
[Site "Internet Chess Club"]
[Date "2021.01.09"]
[Round "2"]
[White "Volkov"]
[Black "KnightHopper"]
[Result "1-0"]
[ICCResult "Black resigns"]
[WhiteElo "2607"]
[BlackElo "1999"]
[Opening "King's Indian: Gligoric-Taimanov system"]
[ECO "E92"]
[NIC "KI.18"]
[Time "14:31:36"]
[PlyCount "51"]
[TimeControl "2700+10"]

1. d4 Nf6 2. c4 g6 3. Nc3 Bg7 4. e4 d6 5. Nf3 O-O 6. Be2 e5 7. Be3 Ng4 8.
Bg5 f6 9. Bh4 Nc6 10. d5 Ne7 11. Nd2 Nh6 12. f3 Nf7 13. b4 f5 14. c5 g5 15.
Bf2 f4 16. Nc4 h5 17. h4 Ng6 18. hxg5 Qxg5 19. Nb5 Qxg2 20. Rg1 Qh2 21.
Rxg6 Bg4 22. Nxc7 Kh7 23. Rxg7+ Kxg7 24. Nxa8 Ng5 25. cxd6 Qg2 26. Nxe5 {
Black resigns } 1-0

[Event "ICC tourney 2290 (45 10)"]
[Site "Internet Chess Club"]
[Date "2021.01.09"]
[Round "2"]
[White "GeorgeDai"]
[Black "Chessking2008"]
[Result "0-1"]
[ICCResult "White resigns"]
[WhiteElo "2086"]
[BlackElo "2200"]
[Opening "Benoni: classical with e4 and Nf3"]
[ECO "A70"]
[NIC "BI.20"]
[Time "14:31:22"]
[PlyCount "48"]
[TimeControl "2700+10"]

1. d4 Nf6 2. Nf3 e6 3. c4 c5 4. d5 exd5 5. cxd5 d6 6. Nc3 g6 7. e4 Bg7 8.
Bd3 O-O 9. O-O Bg4 10. h3 Bxf3 11. Qxf3 Nbd7 12. Qe2 a6 13. a4 Re8 14. Bf4
Qe7 15. Qc2 Rac8 16. Rfe1 c4 17. Bf1 Nh5 18. Bh2 Bd4 19. Rad1 Ba7 20. Qd2
Ne5 21. Kh1 Qh4 22. f4 Ng4 23. Re2 Ng3+ 24. Bxg3 Qxg3 { White resigns } 0-1

[Event "ICC tourney 2290 (45 10)"]
[Site "Internet Chess Club"]
[Date "2021.01.09"]
[Round "2"]
[White "DonaldJ"]
[Black "mikolka1985"]
[Result "0-1"]
[ICCResult "White resigns"]
[WhiteElo "2076"]
[BlackElo "2545"]
[Opening "Ruy Lopez: closed, Keres (...Nd7) defense"]
[ECO "C96"]
[NIC "RL.23"]
[Time "14:31:47"]
[PlyCount "62"]
[TimeControl "2700+10"]

1. e4 e5 2. Nf3 Nc6 3. Bb5 a6 4. Ba4 Nf6 5. O-O Be7 6. Re1 b5 7. Bb3 O-O 8.
c3 d6 9. h3 Na5 10. Bc2 c5 11. d4 Nd7 12. Nbd2 exd4 13. cxd4 Nc6 14. d5
Nce5 15. Nxe5 Nxe5 16. f4 Ng6 17. Nf3 Bh4 18. Nxh4 Qxh4 19. Rf1 f5 20. exf5
Bxf5 21. Bxf5 Rxf5 22. a4 b4 23. Qd3 Rf7 24. Qc4 Qf6 25. Rb1 Nh4 26. b3
Nxg2 27. Bb2 Qg6 28. Kh2 Ne3 29. Rg1 Nxc4 30. Rxg6 hxg6 31. bxc4 Rxf4 {
White resigns } 0-1

[Event "ICC tourney 2290 (45 10)"]
[Site "Internet Chess Club"]
[Date "2021.01.09"]
[Round "2"]
[White "Ben2008"]
[Black "Aryangambit"]
[Result "0-1"]
[ICCResult "White resigns"]
[WhiteElo "1900"]
[BlackElo "2093"]
[Opening "Sicilian: dragon, Yugoslav attack, 10.O-O-O"]
[ECO "B78"]
[NIC "SI.18"]
[Time "14:31:15"]
[PlyCount "76"]
[TimeControl "2700+10"]

1. e4 c5 2. Nf3 d6 3. d4 cxd4 4. Nxd4 Nf6 5. Nc3 g6 6. Be3 Bg7 7. Bc4 O-O
8. f3 Nc6 9. Qd2 Bd7 10. O-O-O Rc8 11. Bb3 Ne5 12. g4 b5 13. h4 b4 14. Nd5
Nxd5 15. Bxd5 e6 16. Bb3 a5 17. h5 a4 18. hxg6 axb3 19. gxf7+ Rxf7 20. axb3
Qa5 21. Qh2 Bh8 22. Kd2 Qc5 23. Rc1 Qxd4+ 24. Bxd4 Nxf3+ 25. Kd1 Nxh2 26.
Bxh8 Nxg4 27. Bd4 e5 28. Bb6 Rc6 29. Bg1 Nf2+ 30. Bxf2 Rxf2 31. Rg1+ Kf7
32. Rh1 Kg6 33. Rg1+ Kf6 34. Rg8 Kf7 35. Rg1 h5 36. Rh1 Bg4+ 37. Ke1 Rcxc2
38. Rxc2 Rxc2 { White resigns } 0-1

[Event "ICC tourney 2290 (45 10)"]
[Site "Internet Chess Club"]
[Date "2021.01.09"]
[Round "2"]
[White "erickzhao"]
[Black "TjkTiger"]
[Result "0-1"]
[ICCResult "White resigns"]
[WhiteElo "2304"]
[BlackElo "2597"]
[Opening "Sicilian: Hungarian variation"]
[ECO "B27"]
[NIC "SI.43"]
[Time "14:32:09"]
[PlyCount "54"]
[TimeControl "2700+10"]

1. e4 c5 2. Nf3 g6 3. d4 cxd4 4. Qxd4 Nf6 5. e5 Nc6 6. Qf4 Nd5 7. Qe4 Nb6
8. Nc3 Bg7 9. Bf4 d5 10. exd6 Bf5 11. Qe3 O-O 12. Be2 e5 13. Bg5 Qxd6 14.
O-O Bxc2 15. Rac1 Nd4 16. Nxd4 exd4 17. Qd2 Bf5 18. Nb5 Qd7 19. Rfd1 Rae8
20. Rc7 Rxe2 21. Qxe2 d3 22. Qf3 Qxb5 23. g4 Nd5 24. Rcc1 Be6 25. Qxd3 Qxb2
26. Rb1 Qe5 27. Bh4 Nf4 { White resigns } 0-1

[Event "ICC tourney 2290 (45 10)"]
[Site "Internet Chess Club"]
[Date "2021.01.09"]
[Round "2"]
[White "marble"]
[Black "JQX2019"]
[Result "1-0"]
[ICCResult "Black resigns"]
[WhiteElo "2508"]
[BlackElo "1910"]
[Opening "Sicilian"]
[ECO "B50"]
[NIC "SI.01"]
[Time "14:31:18"]
[PlyCount "53"]
[TimeControl "2700+10"]

1. e4 c5 2. Nf3 d6 3. c3 Nf6 4. Bd3 Nc6 5. Bc2 g6 6. d4 cxd4 7. cxd4 d5 8.
e5 Nd7 9. h4 h5 10. e6 Nf6 11. exf7+ Kxf7 12. Nc3 Bf5 13. Bxf5 gxf5 14. O-O
Qd7 15. Ng5+ Kg8 16. Ne2 Bg7 17. Nf4 Ne4 18. Nge6 Bf6 19. f3 Ng3 20. Re1
Bxh4 21. Ng6 Bf6 22. Nxh8 Kxh8 23. Bg5 Bxg5 24. Nxg5 Rg8 25. Qd2 Qc7 26.
Ne6 Ne2+ 27. Rxe2 { Black resigns } 1-0

[Event "ICC tourney 2290 (45 10)"]
[Site "Internet Chess Club"]
[Date "2021.01.09"]
[Round "2"]
[White "KittiesRock18"]
[Black "espark"]
[Result "0-1"]
[ICCResult "White resigns"]
[WhiteElo "1905"]
[BlackElo "2322"]
[Opening "Robatsch defense: two knights variation"]
[ECO "B06"]
[NIC "KF.06"]
[Time "14:31:18"]
[PlyCount "158"]
[TimeControl "2700+10"]

1. e4 g6 2. Nf3 Bg7 3. d4 d6 4. Nc3 a6 5. a4 Nf6 6. Bc4 O-O 7. O-O Nc6 8.
d5 Nb4 9. Nd4 a5 10. Re1 c6 11. dxc6 bxc6 12. Na2 Nxa2 13. Rxa2 Qc7 14. e5
dxe5 15. Nf3 e4 16. Ng5 Bf5 17. h3 h6 18. g4 Bxg4 19. hxg4 hxg5 20. Bxg5
Qe5 21. Bc1 Nd5 22. c3 e6 23. Qe2 f5 24. gxf5 gxf5 25. Bg5 Bf6 26. Bh6 Bg7
27. Bg5 f4 28. Bh4 Qf5 29. Qxe4 Qg4+ 30. Bg3 Rae8 31. Kh1 Rf5 32. Be2 Qh3+
33. Bh2 f3 34. Bf1 Qh5 35. Kg1 Kf7 36. Bg3 Be5 37. Bxe5 Rg8+ 38. Bg3 Rxg3+
39. fxg3 f2+ 40. Kg2 fxe1=Q 41. Qxe1 Qf3+ 42. Kg1 Ne3 43. b3 Qxf1+ 44. Qxf1
Rxf1+ 45. Kh2 Rc1 46. b4 axb4 47. cxb4 Rb1 48. a5 Rxb4 49. a6 Rb8 50. a7
Ra8 51. Kg1 Nd5 52. Kf2 Nc3 53. Ra6 Nb5 54. Rxc6 Rxa7 55. Rb6 Nd4 56. Ke3
Nf5+ 57. Kf4 Ra4+ 58. Ke5 Ra5+ 59. Kf4 Ne7 60. Kf3 Kf6 61. Rb3 Nf5 62. Rd3
Rb5 63. Rc3 Rb3 64. Rxb3 Nd4+ 65. Ke3 Nxb3 66. Kf4 Nc5 67. g4 Nd7 68. g5+
Kg6 69. Kg4 Ne5+ 70. Kf4 Nf7 71. Ke4 Nxg5+ 72. Kd4 Kf5 73. Kd3 Kf4 74. Ke2
Ke4 75. Kd2 Kf3 76. Kc3 e5 77. Kc4 e4 78. Kd4 e3 79. Kd5 e2 { White resigns
} 0-1

[Event "ICC tourney 2290 (45 10)"]
[Site "Internet Chess Club"]
[Date "2021.01.09"]
[Round "2"]
[White "rayxu"]
[Black "BranKing"]
[Result "0-1"]
[ICCResult "White forfeits on time"]
[WhiteElo "1915"]
[BlackElo "2079"]
[Opening "Ruy Lopez: Schliemann defense"]
[ECO "C63"]
[NIC "RL.06"]
[Time "14:31:20"]
[PlyCount "66"]
[TimeControl "2700+10"]

1. e4 e5 2. Nf3 Nc6 3. Bb5 f5 4. d3 fxe4 5. dxe4 Nf6 6. O-O Bc5 7. Nc3 d6
8. Bg5 O-O 9. Bc4+ Kh8 10. Nd5 Na5 11. Bd3 Nc6 12. Qd2 Bg4 13. b4 Bb6 14.
Ne1 Ne7 15. Nxf6 gxf6 16. Be3 Qe8 17. f3 Be6 18. Bxb6 axb6 19. c3 Ng6 20.
g3 Rg8 21. Ng2 Rd8 22. Kh1 Qf7 23. Ne3 d5 24. exd5 Bxd5 25. Nxd5 Qxd5 26.
Rad1 Rd6 27. Qc2 Rgd8 28. Be2 Qe6 29. Rxd6 Rxd6 30. Rd1 Ne7 31. Rxd6 Qxd6
32. Kg1 Nd5 33. Bd3 Qc6 { White forfeits on time } 0-1

[Event "ICC tourney 2290 (45 10)"]
[Site "Internet Chess Club"]
[Date "2021.01.09"]
[Round "2"]
[White "greatchess"]
[Black "investigator"]
[Result "0-1"]
[ICCResult "White resigns"]
[WhiteElo "2010"]
[BlackElo "2090"]
[Opening "King's Indian: fianchetto, Uhlmann (Szabo) variation"]
[ECO "E62"]
[NIC "KI.72"]
[Time "14:31:16"]
[PlyCount "86"]
[TimeControl "2700+10"]

1. c4 Nf6 2. Nc3 g6 3. g3 Bg7 4. Bg2 d6 5. d4 O-O 6. Nf3 Nc6 7. O-O e5 8.
d5 Nb8 9. e4 a5 10. h3 Na6 11. Be3 Nd7 12. Rc1 Nac5 13. Qc2 h6 14. g4 b6
15. Nd2 Kh7 16. b3 f5 17. exf5 gxf5 18. gxf5 Kh8 19. Nde4 Qh4 20. Ng3 Nf6
21. Nb5 Rf7 22. a3 a4 23. b4 Nb3 24. Rcd1 Nh5 25. Qe4 Nf4 26. Bxf4 exf4 27.
Qe8+ Rf8 28. Qh5 Qd8 29. Ne2 Rxf5 30. Qf3 Bd7 31. Ned4 Nxd4 32. Nxd4 Bxd4
33. Rxd4 Qf6 34. Re4 Rg8 35. Rfe1 Rfg5 36. Rxf4 Rxg2+ 37. Kh1 Qg7 38. Rg4
Bxg4 39. Qxg2 Qc3 40. Re3 Qc1+ 41. Kh2 Bf3 42. Qxg8+ Kxg8 43. Rxf3 Qxc4 {
White resigns } 0-1

[Event "ICC tourney 2290 (45 10)"]
[Site "Internet Chess Club"]
[Date "2021.01.09"]
[Round "2"]
[White "trandaferrari"]
[Black "AJM04"]
[Result "1-0"]
[ICCResult "Black resigns"]
[WhiteElo "2100"]
[BlackElo "2050"]
[Opening "Sicilian: Pelikan (Lasker/Sveshnikov) variation"]
[ECO "B33"]
[NIC "SI.35"]
[Time "14:31:59"]
[PlyCount "69"]
[TimeControl "2700+10"]

1. e4 c5 2. Nf3 Nc6 3. d4 cxd4 4. Nxd4 Nf6 5. Nc3 e5 6. Ndb5 d6 7. Nd5 Nxd5
8. exd5 Nb8 9. a4 Be7 10. Be2 O-O 11. O-O Nd7 12. Be3 a6 13. Na3 a5 14. Kh1
f5 15. f4 Bf6 16. Nc4 Qc7 17. Qd2 b6 18. Na3 Nc5 19. Nb5 Qe7 20. Bxc5 bxc5
21. Ra3 exf4 22. c3 Re8 23. Bd3 Be5 24. b4 axb4 25. cxb4 cxb4 26. Qxb4 Bb7
27. Bxf5 Bxd5 28. Be4 Be6 29. Bxa8 Rxa8 30. Qe4 Rf8 31. Nd4 Bc4 32. Nc6 Qe6
33. Rd1 Bb3 34. Rb1 Bd5 35. Qxd5 { Black resigns } 1-0

[Event "ICC tourney 2290 (45 10)"]
[Site "Internet Chess Club"]
[Date "2021.01.09"]
[Round "3"]
[White "breaker90"]
[Black "DonaldJ"]
[Result "1-0"]
[ICCResult "Black checkmated"]
[WhiteElo "2127"]
[BlackElo "2076"]
[Opening "Sicilian: Najdorf"]
[ECO "B90"]
[NIC "SI.14"]
[Time "17:02:08"]
[PlyCount "125"]
[TimeControl "2700+10"]

1. e4 c5 2. Nf3 d6 3. d4 cxd4 4. Nxd4 Nf6 5. Nc3 a6 6. f3 e5 7. Nb3 Be6 8.
Be3 Nbd7 9. g4 b5 10. g5 Nh5 11. Qd2 Be7 12. Rg1 Nb6 13. Nd5 Bxd5 14. exd5
O-O 15. Na5 Qc7 16. Nc6 Rfe8 17. Bh3 Nc4 18. Qc3 Nxe3 19. Qxe3 Nf4 20. Bf5
Nxd5 21. Bxh7+ Kh8 22. Qe4 Qxc6 23. Qh4 Bd8 24. O-O-O Bb6 25. Be4+ Kg8 26.
Bxd5 Qc7 27. g6 Bxg1 28. Rxg1 Qc5 29. gxf7+ Kf8 30. Qh8+ Ke7 31. fxe8=Q+
Rxe8 32. Qxg7+ Kd8 33. Rd1 Re7 34. Qf6 Ke8 35. Be4 Rc7 36. Qxd6 Qxd6 37.
Rxd6 Rg7 38. b4 Rg1+ 39. Kb2 Rh1 40. Rxa6 Rxh2 41. Re6+ Kd7 42. Rxe5 Kd6
43. Rxb5 Rd2 44. Rd5+ Rxd5 45. Bxd5 Kxd5 46. a4 Kc4 47. b5 Kc5 48. f4 Kd6
49. b6 Kc6 50. f5 Kd6 51. f6 Ke6 52. b7 Kxf6 53. b8=Q Ke6 54. a5 Kd5 55. a6
Kc4 56. a7 Kc5 57. a8=Q Kc4 58. Qc7+ Kd4 59. Qad8+ Ke4 60. Qce7+ Kf5 61.
Qdf8+ Kg6 62. Qeg7+ Kh5 63. Qfh8# { Black checkmated } 1-0

[Event "ICC tourney 2290 (45 10)"]
[Site "Internet Chess Club"]
[Date "2021.01.09"]
[Round "3"]
[White "Chessking2008"]
[Black "Volkov"]
[Result "0-1"]
[ICCResult "White resigns"]
[WhiteElo "2200"]
[BlackElo "2607"]
[Opening "English, Kramnik-Shirov counterattack"]
[ECO "A21"]
[NIC "EO.23"]
[Time "17:01:58"]
[PlyCount "102"]
[TimeControl "2700+10"]

1. c4 e5 2. Nc3 Bb4 3. Nd5 Bc5 4. e3 Nf6 5. d4 Nxd5 6. dxc5 Nf6 7. Nf3 Nc6
8. a3 a5 9. Bd2 a4 10. Be2 Qe7 11. Bb4 b6 12. cxb6 Nxb4 13. axb4 Qxb4+ 14.
Qd2 Qxd2+ 15. Kxd2 Ne4+ 16. Ke1 d6 17. bxc7 Kd7 18. Nd2 Bb7 19. Nxe4 Bxe4
20. f3 Bc6 21. Kd2 Rhc8 22. Ra3 Rxc7 23. Rha1 Rb8 24. R1a2 d5 25. Bd1 dxc4
26. Bxa4 Bxa4 27. Rxa4 Rxb2+ 28. Rxb2 c3+ 29. Kc2 cxb2+ 30. Kxb2 Ke6 31. e4
Rc6 32. Ra5 h5 33. g3 g6 34. Ra8 Kf6 35. Ra5 g5 36. f4 Re6 37. fxg5+ Kxg5
38. Kc3 Kg4 39. Ra7 f6 40. Kd3 Kf3 41. Rh7 Rd6+ 42. Kc3 Kxe4 43. Rxh5 f5
44. Rh8 Ke3 45. Rf8 Rc6+ 46. Kb4 Ke4 47. Kb3 Rh6 48. g4 f4 49. g5 Rxh2 50.
g6 Rg2 51. Rf6 f3 { White resigns } 0-1